 Dungeon Crawl Stone Soup version 0.24.1-8-ga250c9d538 (webtiles) character file.

Game seed: 3464983060222103268, levelgen mode: deterministic

35 lepoulpe303 the Shield-Bearer (level 3, -2/34 HPs)
             Began as a Deep Dwarf Fighter on May 5, 2020.
             Slain by an ogre
             ... wielding a +0 giant spiked club
              (26 damage)
             ... on level 2 of the Dungeon.
             The game lasted 00:02:53 (833 turns).

lepoulpe303 the Shield-Bearer (Deep Dwarf Fighter)   Turns: 833, Time: 00:02:53

Health: -2/34      AC:  6    Str: 20    XL:     3   Next: 16%
Magic:  3/3        EV:  7    Int:  8    God:
Gold:   35         SH:  9    Dex: 12    Spells: 2/2 levels left

rFire    . . .     SeeInvis .   a - +0 war axe
rCold    . . .     Gourm    .   c - +0 shield
rNeg     . . .     Faith    .   b - +0 scale mail
rPois    .         Spirit   .   (no helmet)
rElec    .         Reflect  .   (no cloak)
rCorr    .         Harm     .   (no gloves)
MR       .....                  (no boots)
Stlth    ..........             (no amulet)
HPRegen  0.00/turn              (no ring)
MPRegen  0.08/turn              (no ring)

@: non-regenerating
A: damage resistance, heal wounds, sense surroundings 1, no regeneration
a: Heal Wounds


You were on level 2 of the Dungeon.
You were not hungry.

You visited 1 branch of the dungeon, and saw 2 of its levels.

You collected 35 gold pieces.

Inventory:

Hand Weapons
 a - a +0 war axe (weapon)
Armour
 b - a +0 scale mail (worn)
 c - a +0 shield (worn)
 h - a +0 plate armour
Jewellery
 j - a +3 ring of intelligence
 l - an uncursed ring of fire {unknown}
Scrolls
 f - a scroll of amnesia
 i - a scroll of identify
Potions
 d - 3 potions of might
 g - a potion of curing {unknown}
Comestibles
 e - 2 rations
 k - 8 chunks of flesh


   Skills:
 + Level 3.0 Fighting
 * Level 3.0 Axes
 + Level 3.6 Armour
 + Level 3.6 Shields


You had 2 spell levels left.
You didn't know any spells.
Your spell library was empty.

Dungeon Overview and Level Annotations

Branches:
Dungeon (2/15)

Altars:


Innate Abilities, Weirdness & Mutations

You are resistant to damage.
You can heal yourself by infusing magical energy.
You passively map a small area around you.
You do not regenerate.


Message History

You block the ogre's attack.
You barely miss the ogre.
The ogre hits you with a +0 giant spiked club.
You take 2 damage, and have 26/34 hp.
You barely miss the ogre.
The ogre hits you with a +0 giant spiked club!!
Ouch! That really hurt!
* * * LOW HITPOINT WARNING * * *
You take 18 damage, and have 8/34 hp.
MASSIVE DAMAGE!!
You feel much better. The ogre closely misses you.
Health restored: 34 You hit the ogre.
The ogre hits you with a +0 giant spiked club!
You take 10 damage, and have 24/34 hp.
MASSIVE DAMAGE!!
You slash the ogre!
The ogre hits you with a +0 giant spiked club!!
Ouch! That really hurt!
You die...

#.............# *
#.############# #.#
#.# ## #.##♣♣♣♣♣## ##≈
#,
##.#♣≈≈≈P≈≈♣≈≈≈♣♣♣P#,
#..≈PP≈≈≈≈♣♣♣♣≈≈≈P♣♣..
#..≈P≈≈≈≈≈≈≈≈P≈≈≈≈P≈≈.
#.....@...............
#..♣P≈≈O≈≈≈≈≈≈≈≈≈≈≈≈≈.
####≈≈≈≈≈≈≈≈P≈≈≈≈PP≈≈.
##♣P≈≈≈≈≈≈≈≈≈≈≈≈≈≈.
#P♣≈P♣###≈♣♣♣≈≈≈.
###### ##♣ ♣≈≈.≈ ≈≈. *
≈≈. ≈


You could see an ogre.

Levels and vault maps discovered:
D:1:      dpeg_arrival_snail, layout_rooms, minmay_pentomino_u4
D:2:      layout_basic, serial_bayou, serial_bayou_lagoon_a,
          serial_bayou_pond_e, serial_bayou_lagoon_b, serial_bayou_lake_a,
          serial_bayou_pond_a, serial_bayou_pond_b

Notes
Turn   | Place    | Note
-------+----------+-------------------------------------------
     0 | D:1      | lepoulpe303 the Deep Dwarf Fighter began the quest for the
                  | Orb.
     0 | D:1      | Reached XP level 1. HP: 20/20 MP: 1/1
    71 | D:1      | Identified a +0 dagger
   209 | D:1      | Identified a +0 club
   219 | D:1      | Reached XP level 2. HP: 24/27 MP: 2/2
   281 | D:1      | Identified a +0 club
   343 | D:1      | Identified a +0 club
   382 | D:1      | Identified a +0 club
   593 | D:1      | Identified 2 scrolls of amnesia
   594 | D:1      | Identified 2 scrolls of identify
   594 | D:1      | Identified a ring of intelligence (You found it on level 1
                  | of the Dungeon)
   635 | D:2      | Identified a +0 dagger
   639 | D:2      | Identified a +0 giant spiked club
   639 | D:2      | Noticed an ogre
   728 | D:2      | Identified a cursed -2 dagger
   729 | D:2      | Identified a +0 club
   730 | D:2      | Identified a +0 dagger
   735 | D:2      | Identified a +0 club
   753 | D:2      | Reached skill level 3 in Fighting
   753 | D:2      | Reached skill level 3 in Axes
   753 | D:2      | Reached XP level 3. HP: 28/34 MP: 3/3
   830 | D:2      | HP: 8/34 [ogre/+0 giant spiked club (18)]
   833 | D:2      | Slain by an ogre

Table legend:
 A = Turns spent in this place as a percentage of turns spent in the entire game.
 B = Non-inter-level travel turns spent in this place as a percentage of non-inter-level travel turns spent in the entire game.
 C = Inter-level travel turns spent in this place as a percentage of turns spent in this place.
 D = Turns resting spent in this place as a percentage of non-inter-level travel turns spent in this place.
 E = Turns spent auto-exploring this place as a percentage of non-inter-level travel turns spent in this place.
 F = Non-inter-level travel turns spent in this place divided by the number of levels of this place that you've seen.
                   A       B       C       D       E      F
               +-------+-------+-------+-------+-------+----------------------
         Total | 100.0 | 100.0 |  15.5 |   0.9 |  65.3 | 352.0
       Dungeon | 100.0 | 100.0 |  15.5 |   0.9 |  65.3 | 352.0
               +-------+-------+-------+-------+-------+----------------------

Table legend:
 A = Kills in this place as a percentage of kills in entire the game.
 B = Kills by you in this place as a percentage of kills by you in the entire game.
 C = Kills by friends in this place as a percentage of kills by friends in the entire game.
 D = Other kills in this place as a percentage of other kills in the entire game.
 E = Experience gained in this place as a percentage of experience gained in the entire game.
 F = Experience gained in this place divided by the number of levels of this place that you have seen.
                   A       B       C       D       E      F
               +-------+-------+-------+-------+-------+----------------------
         Total | 100.0 | 100.0 |   N/A |   N/A | 100.0 |  25.0
       Dungeon | 100.0 | 100.0 |   N/A |   N/A | 100.0 |  25.0
               +-------+-------+-------+-------+-------+----------------------

Skill      XL: |  1  2 |
---------------+-------+-----
Fighting       | 3 |  3.0
Axes           | 3 |  3.0
Armour         | |  3.6
Shields        | |  3.6

Action                   || total
-------------------------++-------
Melee: War axe           ||   112
 Abil: Heal Wounds       ||     1
  Use: Scroll            ||     2
Armor: Scale mail        ||    50
Dodge: Dodged            ||    48
Block: Shield            ||    58

Vanquished Creatures
  An ooze (D:2)
  7 bats
  2 giant cockroaches
  4 hobgoblins
  5 kobolds
  2 frilled lizards
  5 goblins
  2 rats (D:1)
28 creatures vanquished.

Vanquished Creatures (others)
  A plant (D:2)
1 creature vanquished.

Grand Total: 29 creatures vanquished
